 Dungeon Crawl Stone Soup version 0.26.1-2-gb8aa6d0cf2 (webtiles) character file.

Game seed: 2290065028725060986

7338 Revguard the Blocker (level 11, -2/81 HPs)
             Began as a Human Fighter on Mar 10, 2021.
             Was a Follower of the Shining One.
             Killed from afar by an electric eel (3 damage)
             ... with a bolt of electricity
             ... in a bailey.
             The game lasted 00:37:41 (12347 turns).

Revguard the Blocker (Human Fighter)               Turns: 12347, Time: 00:37:43

Health: -2/81      AC: 13    Str: 18    XL:     11   Next: 35%
Magic:  16/16      EV: 15    Int:  8    God:    the Shining One [*.....]
Gold:   1718       SH: 11    Dex: 15    Spells: 10/10 levels left

rFire    + . .     SeeInvis +   a - +0 flail (venom)
rCold    + . .     Faith    .   c - +0 kite shield
rNeg     . . .     Spirit   .   D - +1 swamp dragon scales
rPois    +         Reflect  .   v - +0 helmet
rElec    .         Harm     .   h - scarf {rC+ rF+}
rCorr    .         Rampage  .   y - +1 pair of gloves
Will     .....                  (no boots)
Stlth    +.........             (no amulet)
HPRegen  0.23/turn              m - +4 ring of evasion
MPRegen  0.15/turn              j - ring of see invisible

@: glowing
A: no striking features
a: Renounce Religion


You were in a bailey.
You worshipped the Shining One.
The Shining One was aware of your devotion.
You visited 2 branches of the dungeon, and saw 10 of its levels.
You also visited: Sewer, Ossuary and Bailey.

You collected 1718 gold pieces.

Inventory:

Hand Weapons
 a - a +0 flail of venom (weapon)
 b - a +2 hand axe of holy wrath
Missiles
 q - 27 poisoned darts (quivered)
Armour
 c - a +0 kite shield (worn)
 h - a scarf of resistance (worn)
 u - a +1 chain mail of willpower
 v - a +0 helmet (worn)
 y - a +1 pair of gloves (worn)
 D - +1 swamp dragon scales (worn)
Jewellery
 e - a +4 ring of evasion
 j - a ring of see invisible (right hand)
 k - an uncursed ring of ice
 l - an uncursed ring of flight
 m - a +4 ring of evasion (left hand)
 z - an uncursed ring of ice
Wands
 i - a wand of flame (18)
 E - a wand of iceblast (7)
 F - a wand of polymorph (11)
Scrolls
 g - a scroll of enchant armour
 n - 9 scrolls of remove curse
 o - 3 scrolls of fog
 r - 4 scrolls of teleportation
 x - a scroll of amnesia
 B - a scroll of identify
 G - a scroll of enchant weapon {unknown}
Potions
 d - a potion of might
 p - 2 potions of resistance
 s - 3 potions of flight
 t - 2 potions of brilliance
 w - a potion of haste


   Skills:
 + Level 5.7 Fighting
 + Level 7.1(8.2) Axes
 + Level 6.2(7.8) Maces & Flails
 + Level 6.5 Armour
 + Level 3.5 Dodging
 + Level 8.0 Shields
 * Level 6.9 Invocations
 * Level 5.1 Evocations


You had 10 spell levels left.
You didn't know any spells.
Your spell library contained the following spells:

 Spells                   Type           Power        Failure   Level
 Animate Skeleton         Necr           0%           87%         1
 Apportation              Tloc           0%           87%         1
 Corona                   Hex            0%           87%         1
 Summon Small Mammal      Summ           0%           87%         1


Dungeon Overview and Level Annotations

Branches:
Dungeon (9/15)             Temple (1/1) D:7           Sewer (visited)
Ossuary (visited)          Bailey (1/1)
   Lair: D:8-11         Orc: D:9-12

Altars:
Ashenzari
Cheibriados
Elyvilon
Gozag
Makhleb
Nemelex Xobeh
Okawaru
Qazlal
Ru
Sif Muna
Trog
Uskayaw
Vehumet
Wu Jian
Yredelemnul
Zin
The Shining One


Message History

The bolt of electricity misses the electric eel.
The electric eel shoots out a bolt of lightning at you!
The bolt of electricity hits you!
You hit the electric eel.
The electric eel is poisoned.
The electric eel is moderately wounded.
The electric eel shoots out a bolt of lightning at you!
The bolt of electricity hits you! x2
* * * LOW HITPOINT WARNING * * *
The bolt of electricity hits the electric eel.
The electric eel completely resists.
The electric eel shoots out a bolt of lightning at you!
The bolt of electricity misses you.
The electric eel shoots out a bolt of lightning at you!
The bolt of electricity hits you!
* * * LOW HITPOINT WARNING * * *
The bolt of electricity hits you!
* * * LOW HITPOINT WARNING * * *
The electric eel shoots out a bolt of lightning at you!
The bolt of electricity hits you.
You die...

#..#....##.....#.≈≈≈≈≈......#
#..#....#####''#.≈≈≈≈≈......#
#..#....#......#.≈≈≈≈≈.######
#..#....#......#.≈≈≈≈≈≈#
#####.......######≈≈≈≈≈#
+.8.8.8.#....#≈≈≈≈≈
#.......#....#
#######'#######))#'#
+.............@..#.#
#≈≈≈≈≈≈≈≈≈≈≈≈≈######
≈≈≈≈≈≈≈≈≈≈≈≈;;≈≈≈≈≈≈≈
≈≈≈≈≈≈≈≈≈≈≈≈≈≈≈≈≈≈≈≈≈
≈≈≈≈≈≈≈≈≈≈≈≈≈≈≈≈≈≈≈≈≈
≈≈≈≈≈≈≈≈≈≈≈≈≈≈≈≈≈≈≈≈≈
≈≈≈≈≈≈≈≈≈≈≈≈≈≈≈≈≈≈≈≈≈
≈≈≈≈≈≈≈≈≈≈≈≈≈≈≈≈≈≈≈≈≈
≈≈≈≈≈≈≈≈≈≈≈≈≈≈≈


You could see 2 electric eels.

Vanquished Creatures
  A two-headed ogre (D:8)
  An orc high priest (Bailey)
  An orc knight (Bailey)
  An orc sorcerer (Bailey)
  Maggie (D:7)
  A troll (D:9)
  7 orc warriors (Bailey)
  3 ice beasts
  2 black bears
  A necrophage (D:7)
  2 phantoms
  5 ogres
  3 centaurs
  A big kobold (Sewer)
  3 bullfrogs
  3 water moccasin zombies (Ossuary)
  2 scorpions
  A water moccasin skeleton (D:4)
  6 killer bees (D:7)
  10 wights
  An electric eel (Bailey)
  2 howler monkeys (D:5)
  2 centaur zombies
  3 bullfrog skeletons
  4 jellies
  An orc priest (D:8)
  A gnoll shaman (D:8)
  3 hounds
  A centaur skeleton (D:4)
  4 iguanas
  5 worker ants
  Natasha (twice) (D:3)
  3 orc wizards
  A killer bee zombie (D:7)
  3 big kobold zombies (Ossuary)
  3 mummies
  A howler monkey skeleton (D:7)
  6 gnolls
  11 adders
  5 river rats
  A shadow imp (D:7)
  3 white imps
  3 ufetubi
  2 oozes
  An adder skeleton (D:4)
  5 adder zombies (Ossuary)
  4 worms
  A dart slug (D:2)
  3 leopard geckos
  28 orcs
  4 ball pythons
  4 bats
  4 giant cockroaches
  3 gnoll zombies (Ossuary)
  10 goblins
  11 hobgoblins
  7 jackals
  5 quokkas
  10 frilled lizards
  2 hobgoblin zombies (Ossuary)
  9 kobolds
  5 kobold zombies (Ossuary)
  A leopard gecko zombie (D:7)
  6 orc zombies (Ossuary)
  A quokka skeleton (D:7)
  A quokka zombie (D:6)
  9 rats
260 creatures vanquished.

Vanquished Creatures (others)
  A hobgoblin (Bailey)
1 creature vanquished.

Grand Total: 261 creatures vanquished

Notes
Turn   | Place    | Note
-------+----------+-------------------------------------------
     0 | D:1      | Revguard the Human Fighter began the quest for the Orb.
     0 | D:1      | Reached XP level 1. HP: 18/18 MP: 1/1
   249 | D:1      | Reached XP level 2. HP: 24/24 MP: 2/2
   655 | D:2      | Reached XP level 3. HP: 16/29 MP: 3/3
  1403 | D:2      | Reached XP level 4. HP: 35/35 MP: 4/4
  1574 | D:2      | Found a broken altar of Ashenzari.
  2409 | D:3      | Noticed Natasha
  2422 | D:3      | Killed Natasha
  2423 | D:3      | Reached XP level 5. HP: 37/41 MP: 5/5
  2479 | D:3      | Found a glowing drain.
  2502 | Sewer    | Entered a sewer
  2515 | Sewer    | Reached skill level 1 in Dodging
  2757 | Sewer    | Noticed a big kobold
  2781 | Sewer    | Killed a big kobold
  2782 | Sewer    | Reached skill level 4 in Shields
  2782 | Sewer    | Reached XP level 6. HP: 29/47 MP: 6/6
  2939 | Sewer    | Found a white marble altar of Elyvilon.
  2949 | Sewer    | Became a worshipper of Elyvilon the Healer
  3314 | D:3      | Noticed Natasha
  3322 | D:3      | Killed Natasha
  3550 | D:4      | Reached * piety under Elyvilon
  3550 | D:4      | Noticed an ogre
  3581 | D:4      | Killed an ogre
  3582 | D:4      | Reached XP level 7. HP: 29/53 MP: 5/7
  3769 | D:4      | Found a sacrificial altar of Ru.
  4251 | D:4      | Reached skill level 5 in Maces & Flails
  4251 | D:4      | Reached skill level 1 in Invocations
  4649 | D:4      | Reached XP level 8. HP: 56/60 MP: 9/9
  4688 | D:4      | Reached skill level 1 in Axes
  4785 | D:5      | Entered Level 5 of the Dungeon
  4811 | D:5      | Reached skill level 5 in Shields
  4847 | D:5      | Found a sand-covered staircase.
  4856 | Ossuary  | Entered an ossuary
  5348 | D:5      | Reached ** piety under Elyvilon
  5592 | D:5      | HP: 2/61 [ogre/+0 giant spiked club (25)]
  5620 | D:5      | Reached skill level 5 in Armour
  5892 | D:5      | Reached XP level 9. HP: 54/66 MP: 11/11
  6814 | D:6      | Reached skill level 6 in Shields
  6828 | D:6      | Reached skill level 5 in Axes
  6830 | D:6      | Reached skill level 1 in Evocations
  7047 | D:6      | Got a slimy ring mail
  7058 | D:6      | Identified the +0 ring mail of Mejadai {Dex+3} (You found
                  | it on level 6 of the Dungeon)
  7589 | D:6      | Reached *** piety under Elyvilon
  7691 | D:6      | Reached skill level 5 in Fighting
  7832 | D:7      | Reached skill level 5 in Invocations
  7832 | D:7      | Reached XP level 10. HP: 41/74 MP: 10/13
  7956 | D:7      | HP: 2/74 [killer bee (6)]
  8630 | D:7      | Noticed Maggie
  8657 | D:7      | Killed Maggie
  8998 | D:7      | Found a staircase to the Ecumenical Temple.
  9002 | Temple   | Entered the Ecumenical Temple
  9117 | Temple   | Fell from the grace of Elyvilon
  9117 | Temple   | Became a worshipper of the Shining One
  9117 | Temple   | Reached * piety under the Shining One
  9491 | D:7      | Reached skill level 7 in Shields
  9618 | D:8      | Found a basalt altar of Yredelemnul.
  9911 | D:8      | Found a burning altar of Makhleb.
 10210 | D:8      | Noticed a two-headed ogre
 10210 | D:8      | Reached ** piety under the Shining One
 10221 | D:8      | Killed a two-headed ogre
 10278 | D:8      | Found a snail-covered altar of Cheibriados.
 10289 | D:8      | Found a shimmering blue altar of Sif Muna.
 10289 | D:8      | Found an iron altar of Okawaru.
 10289 | D:8      | Found a glowing silver altar of Zin.
 10808 | D:9      | Found a flagged portal.
 10817 | Bailey   | Entered a bailey
 11025 | Bailey   | Found an iron altar of Okawaru.
 11025 | Bailey   | Noticed an orc high priest
 11025 | Bailey   | Noticed an orc sorcerer
 11034 | Bailey   | Reached XP level 11. HP: 32/80 MP: 11/15
 11049 | Bailey   | Killed an orc sorcerer
 11063 | Bailey   | Killed an orc high priest
 11486 | Bailey   | Reached skill level 5 in Evocations
 12012 | Bailey   | Noticed an orc knight
 12027 | Bailey   | Killed an orc knight
 12028 | Bailey   | Reached skill level 8 in Shields
 12037 | Bailey   | Acquired 1205 gold pieces
 12347 | Bailey   | HP: 1/81 [electric eel/bolt of electricity (9)]
 12347 | Bailey   | Killed from afar by an electric eel

Illustrated notes

Levels and vault maps discovered:
D:1:      minmay_arrival_radiant_lines, layout_basic
D:2:      layout_basic, overflow_temple_1_default
D:3:      minmay_wonky_spiral, layout_basic, portal_sewer_entry_e, uniq_natasha
D:4:      layout_rooms, nicolae_ru_path_of_blood
D:5:      layout_cave_pods, gup_ossuary_entry_pyramid, minmay_misc_feat_iff
D:6:      minmay_diamond_boxcup, layout_basic
D:7:      layout_basic, temple_hall_moat, due_unseen_surprise, uniq_maggie
D:8:      layout_loops_ring, general_overflow_altar, kennysheep_mini,
          grunt_temple_overflow_open, nicolae_water_bricks
D:9:      layout_cave_pools, grunt_temple_overflow_growth_and_decay,
          nzn_hepliaklqana_mist_gate, nicolae_dithmenos_through_a_glass_darkly,
          xom_redecorated, enter_bailey_6, nemelex_spade_bored_becter
Temple:   compressed_dpeg_circular_temple
Bailey:   bailey_axe_of_yendor_kennysheep, bailey

Skill      XL: |  1  2  3  4  5  6  7  8  9 10 11 |
---------------+----------------------------------+-----
Maces & Flails | 3 4 5 6 |  6.2
Armour         | 4 5 6 |  6.5
Dodging        | 1 2 3 |  3.5
Shields        | 4 5 6 7 8 |  8.0
Invocations    | 1 3 5 6 |  6.9
Fighting       | 4 5 |  5.7
Axes           | 3 5 7 |  7.1
Evocations     | 2 4 5 |  5.1

Action                   |  1- 3 |  4- 6 |  7- 9 | 10-12 || total
-------------------------+-------+-------+-------+-------++-------
Melee: Flail             |   111 |   196 |    50 |   136 ||   493
       Hand axe          |       |       |   417 |   237 ||   654
Invok: Lesser Healing    |       |     1 |    16 |    11 ||    28
       Heal Other        |       |       |     1 |     2 ||     3
       Purification      |       |       |     1 |       ||     1
       Divine Shield     |       |       |       |     3 ||     3
  Use: Potion            |     2 |     2 |     7 |     5 ||    16
       Scroll            |       |    10 |    10 |     6 ||    26
Armor: Scale mail        |    47 |    63 |       |       ||   110
       Chain mail        |       |     8 |   173 |    64 ||   245
       Swamp dragon scal |       |       |       |    52 ||    52
Dodge: Dodged            |    54 |    96 |   194 |   197 ||   541
Block: Kite shield       |    54 |   125 |   268 |   250 ||   697
